 Dungeon Crawl Stone Soup version 0.24.0-125-gc4c63601f3 (webtiles) character file.

Game seed: 80218919461612120, levelgen mode: deterministic

4120 Curus the Cleaver (level 10, -2/88 HPs)
             Began as a Hill Orc Berserker on Mar 1, 2020.
             Was an Elder of Trog.
             Slain by a spiny frog (19 damage)
             ... on level 8 of the Dungeon.
             The game lasted 00:27:31 (6623 turns).

Curus the Cleaver (Hill Orc Berserker)              Turns: 6623, Time: 00:27:32

Health: -2/88      AC: 13    Str: 21    XL:     10   Next: 27%
Magic:  10/12      EV:  6    Int: 11    God:    Trog [****..]
Gold:   518        SH:  3    Dex: 13    Spells: 9/9 levels left

rFire    + . .     SeeInvis .   r - +4 hand axe of the Mosquito {elec, +Blink rF+ Int+4 Stlth+}
rCold    . . .     Gourm    .   m - +0 buckler
rNeg     . . .     Faith    .   n - +0 plate armour
rPois    +         Spirit   .   (helmet restricted)
rElec    +         Reflect  .   (no cloak)
rCorr    .         Harm     .   (no gloves)
MR       ++...                  (no boots)
Stlth    ..........             (no amulet)
HPRegen  1.24/turn              h - +2 ring of strength
MPRegen  0.13/turn              y - ring "Aliokh" {rElec rPois Stlth-}

@: lethally poisoned (-2 -> -7), regenerating
A: horns 1, screaming 1, weak 1, MP-powered wands
a: Berserk, Trog's Hand, Brothers in Arms, Renounce Religion, Evoke Blink


You were on level 8 of the Dungeon.
You worshipped Trog.
Trog was greatly pleased with you.
You were not hungry.

You visited 2 branches of the dungeon, and saw 9 of its levels.

You collected 518 gold pieces.

Inventory:

Hand Weapons
 a - a +0 hand axe
 r - the +4 hand axe of the Mosquito (weapon) {elec, +Blink rF+ Int+4 Stlth+}
   (You found it on level 5 of the Dungeon)

   Occasionally, upon striking a foe, it will discharge some electrical energy
   and cause terrible harm.
   It affects your intelligence (+4).
   It protects you from fire.
   It lets you blink.
   It makes you more stealthy.
Armour
 b - a +0 animal skin
 d - a +0 chain mail
 e - a +0 leather armour
 f - a +0 helmet
 m - a +0 buckler (worn)
 n - a +0 plate armour (worn)
Jewellery
 h - a +2 ring of strength (left hand)
 i - a +4 ring of intelligence
 q - an uncursed ring of flight
 s - an uncursed ring of teleportation
 u - an uncursed ring of fire
 y - the ring "Aliokh" (right hand) {rElec rPois Stlth-}
   (You found it on level 7 of the Dungeon)

   [ring of attention]

   It insulates you from electricity.
   It protects you from poison.
   It makes you less stealthy.
Wands
 j - a wand of digging (6)
 o - a wand of random effects (20)
 x - a wand of disintegration (12)
 z - a wand of iceblast (8)
 B - a wand of acid (6)
Scrolls
 g - 6 scrolls of identify
 l - 3 scrolls of remove curse
 p - 2 scrolls of fog
 A - a scroll of teleportation
 C - a scroll of fear
Potions
 k - 3 potions of flight
 t - 4 potions of curing
 v - a potion of agility
 w - 2 potions of heal wounds
 D - a potion of brilliance
Comestibles
 c - 10 rations


   Skills:
 - Level 8.3 Fighting
 - Level 14.2 Axes
 - Level 7.1 Armour
 - Level 1.5 Dodging
 + Level 3.2 Evocations


You had 9 spell levels left.
You didn't know any spells.
Your spell library was empty.

Dungeon Overview and Level Annotations

Branches:
Dungeon (8/15)             Temple (0/1) D:6            Lair (1/6) D:8

Altars:
Gozag
Kikubaaqudgha
Okawaru
Uskayaw
Xom
The Shining One


Innate Abilities, Weirdness & Mutations

You have a pair of small horns on your head.
You occasionally shout uncontrollably at your foes.
You are weak. (Str -2)
You expend magic power (3 MP) to strengthen your wands.


Message History

You feel sick. The killer bee barely misses you.
The killer bee closely misses you.
The killer bee stings you but does no damage. x2
The spiny frog stings you! The killer bee stings you.
You are lethally poisoned!
The killer bee poisons you!
The killer bee stings you but does no damage.
You climb upwards.
Welcome back to the Dungeon!
* * * LOW HITPOINT WARNING * * *
You feel very sick.
There is a staircase to the Lair here.
Your skin crawls.
You feel resistant to hostile enchantments.
You feel somewhat more hungry.
You feel sick. The killer bee stings you.
* * * LOW HITPOINT WARNING * * *
The killer bee barely misses you. The killer bee stings you.
* * * LOW HITPOINT WARNING * * *
The killer bee stings you but does no damage.
The spiny frog stings you!!
You die...

## ########.###......#....#
.# #....###.###......+....#
.+ #..........#......#....#
.# #...#.............#....#
### #....#.......... #....#
..##+## #......#........
#....# ......#
#.......#....... # ......#
#.....y.y.........######
......#
#.....y@................
......#
#......F.#..............
#####...
##....#....#............
............................
...............#............
(..............#######......
............#####....#......
.......#....# #....#####'#
+############..
#..##....##.....


You could see a spiny frog and 3 killer bees.

Vanquished Creatures
  A death yak (D:8)
  Maurice (D:8)
  Grinder (D:6)
  3 hippogriffs
  Edmund (D:4)
  An orc warrior (D:7)
  A phantom (D:6)
  Duvessa (D:6)
  A black bear (D:7)
  A necrophage (D:4)
  2 ogres
  A centaur (D:6)
  3 bullfrogs
  Dowan (D:6)
  4 killer bees (Lair:1)
  5 wights (D:7)
  2 crimson imps
  A quasit (D:6)
  A jelly (D:5)
  3 hounds
  7 orc wizards
  3 orc priests
  Jessica (D:3)
  3 iguanas
  4 worker ants
  A hound zombie (D:5)
  A worker ant zombie (D:7)
  Robin (D:4)
  A gnoll (D:1)
  11 adders
  3 oozes
  3 worms
  3 dart slugs (D:2)
  3 leopard geckos
  16 orcs
  14 bats
  6 giant cockroaches
  13 hobgoblins
  10 jackals
  5 kobolds
  6 quokkas
  A ball python (D:1)
  8 frilled lizards
  17 goblins
  A leopard gecko skeleton (D:7)
  2 quokka skeletons (D:4)
  7 rats
186 creatures vanquished.

Notes
Turn   | Place    | Note
-------+----------+-------------------------------------------
     0 | D:1      | Curus the Hill Orc Berserker began the quest for the Orb.
     0 | D:1      | Reached XP level 1. HP: 19/19 MP: 1/1
    62 | D:1      | Reached XP level 2. HP: 12/26 MP: 2/2
   357 | D:1      | Reached skill level 5 in Axes
   511 | D:1      | Reached XP level 3. HP: 31/31 MP: 3/3
  1140 | D:2      | Reached ** piety under Trog
  1161 | D:2      | Reached skill level 6 in Axes
  1396 | D:2      | Reached XP level 4. HP: 29/39 MP: 4/4
  1548 | D:2      | Found a glowing golden altar of the Shining One.
  1548 | D:2      | Found an ancient bone altar of Kikubaaqudgha.
  1797 | D:2      | Reached skill level 7 in Axes
  1841 | D:3      | Noticed Jessica
  1853 | D:3      | Killed Jessica
  1853 | D:3      | Reached XP level 5. HP: 42/45 MP: 5/5
  2028 | D:3      | Reached *** piety under Trog
  2105 | D:3      | Reached skill level 8 in Axes
  2426 | D:4      | Reached XP level 6. HP: 48/51 MP: 6/6
  2451 | D:4      | Noticed Robin
  2455 | D:4      | Noticed a necrophage
  2456 | D:4      | Reached skill level 9 in Axes
  2475 | D:4      | Killed a necrophage
  2480 | D:4      | Killed Robin
  2720 | D:4      | Reached skill level 10 in Axes
  2720 | D:4      | Reached XP level 7. HP: 56/56 MP: 7/7
  2937 | D:4      | Noticed Edmund
  2952 | D:4      | Reached **** piety under Trog
  2965 | D:4      | Killed Edmund
  2965 | D:4      | Reached skill level 11 in Axes
  3499 | D:5      | Entered Level 5 of the Dungeon
  3913 | D:5      | Reached XP level 8. HP: 58/64 MP: 8/8
  3974 | D:5      | Reached skill level 12 in Axes
  4015 | D:5      | Got a jewelled hand axe
  4024 | D:5      | Identified the +4 hand axe of the Mosquito {elec, +Blink
                  | rF+ Int+4 Stlth+} (You found it on level 5 of the Dungeon)
  4280 | D:5      | Found an iron altar of Okawaru.
  4283 | D:5      | Found a hide-covered altar of Uskayaw.
  4290 | D:5      | Found an opulent altar of Gozag.
  4291 | D:5      | Found a shimmering altar of Xom.
  4731 | D:6      | Noticed Grinder
  4732 | D:6      | Paralysed by Grinder for 2 turns
  4755 | D:6      | Killed Grinder
  4755 | D:6      | Reached skill level 13 in Axes
  4895 | D:6      | Found a staircase to the Ecumenical Temple.
  4930 | D:6      | Noticed Duvessa
  4930 | D:6      | Noticed Dowan
  4940 | D:6      | Killed Dowan
  4944 | D:6      | Killed Duvessa
  5256 | D:7      | Reached skill level 14 in Axes
  5257 | D:7      | Reached XP level 9. HP: 70/70 MP: 9/9
  5541 | D:7      | Gained mutation: You are weak. (Str -2) [potion of
                  | mutation]
  5541 | D:7      | Gained mutation: You have a pair of small horns on your
                  | head. [potion of mutation]
  5541 | D:7      | Gained mutation: You occasionally shout uncontrollably at
                  | your foes. [potion of mutation]
  5541 | D:7      | Gained mutation: You expend magic power (3 MP) to
                  | strengthen your wands. [potion of mutation]
  5557 | D:7      | Found an iron altar of Okawaru.
  5652 | D:7      | Reached skill level 5 in Fighting
  5666 | D:7      | Got a steaming tin ring
  5668 | D:7      | Identified the ring "Aliokh" {rElec rPois Stlth-} (You
                  | found it on level 7 of the Dungeon)
  5984 | D:8      | Noticed Maurice
  5998 | D:8      | Paralysed by Maurice for 6 turns
  6007 | D:8      | Killed Maurice
  6007 | D:8      | Reached skill level 5 in Armour
  6101 | D:8      | Noticed a death yak
  6104 | D:8      | Noticed a death yak
  6120 | D:8      | Noticed a death yak
  6121 | D:8      | Killed a death yak
  6121 | D:8      | Reached XP level 10. HP: 88/88 MP: 3/10
  6122 | D:8      | Noticed a death yak
  6123 | D:8      | Noticed a death yak
  6601 | D:8      | Found a staircase to the Lair.
  6610 | Lair:1   | Entered Level 1 of the Lair of Beasts
  6612 | Lair:1   | Noticed a spiny frog
  6618 | Lair:1   | Reached skill level 1 in Evocations
  6623 | D:8      | Slain by a spiny frog

Levels and vault maps discovered:
D:1:      mrwooster_arrival_arrow, layout_loops_corners, minmay_fountain_box
D:2:      layout_basic, gammafunk_temple_overflow_statue
D:3:      layout_loops_ring, corexii_corridor_pit, uniq_jessica
D:4:      layout_basic, first_ration, minmay_close_crescents, uniq_robin,
          uniq_edmund
D:5:      layout_loops_ring, minitemple
D:6:      layout_loops_ring, minmay_temple_entry_mist, uniq_duvessa,
          uniq_grinder
D:7:      layout_loops_ring, okawaru_metal_pillars_1_2
D:8:      layout_gridville, dpeg_lair_monsters, uniq_maurice
Lair:1:   wad_woods_minihive, layout_long_grid

Skill      XL: |  1  2  3  4  5  6  7  8  9 10 |
---------------+-------------------------------+-----
Axes           | 5 6 7 8 10 11 14 | 14.2
Fighting       | 7 8 |  8.3
Armour         | 6 7 |  7.1
Evocations     | 3 |  3.2
Dodging        | |  1.5

Action                   |  1- 3 |  4- 6 |  7- 9 | 10-12 || total
-------------------------+-------+-------+-------+-------++-------
Melee: Hand axe          |   135 |   239 |   290 |    31 ||   695
       Headbutt          |       |       |    20 |     4 ||    24
Invok: Berserk           |     3 |       |     3 |     1 ||     7
       Trog's Hand       |       |       |     1 |     1 ||     2
       Brothers in Arms  |       |       |       |     1 ||     1
Evoke: Wand              |       |       |     3 |       ||     3
  Use: Potion            |     3 |     4 |     5 |       ||    12
       Scroll            |     3 |     3 |     5 |     1 ||    12
 Stab: Invisible         |     2 |       |       |       ||     2
       Sleeping          |     1 |       |       |       ||     1
  Eat: Chunk             |     3 |     3 |     7 |     3 ||    16
       Ration            |       |     1 |     2 |       ||     3
Armor: Animal skin       |     6 |       |       |       ||     6
       Chain mail        |    46 |   117 |    26 |       ||   189
       Leather armour    |    12 |       |       |       ||    12
       Plate armour      |       |       |   110 |    18 ||   128
Dodge: Dodged            |    78 |    96 |    59 |    15 ||   248
Block: Buckler           |       |       |    21 |     3 ||    24
